 Dungeon Crawl Stone Soup version 0.23.2 (webtiles) character file.

Game seed: 6290109469616475593

127 Menchi the Magician (level 4, -1/25 HPs)
             Began as a Deep Elf Warper on Apr 10, 2019.
             Slain by a crimson imp (2 damage)
             ... on level 3 of the Dungeon.
             The game lasted 00:12:11 (2683 turns).

Menchi the Magician (Deep Elf Warper)               Turns: 2683, Time: 00:12:11

Health: -1/25      AC:  3    Str:  8    XL:     4   Next: 85%
Magic:  3/12       EV: 13    Int: 18    God:
Gold:   64         SH:  0    Dex: 15    Spells: 1/11 levels left

rFire    . . .     SeeInvis +   a - +0 short sword
rCold    . . .     Gourm    .   (no shield)
rNeg     . . .     Faith    .   b - +0 leather armour
rPois    .         Spirit   .   (no helmet)
rElec    .         Reflect  .   (no cloak)
rCorr    .         Harm     .   (no gloves)
MR       .....                  (no boots)
Stlth    ++........             (no amulet)
HPRegen  0.08/turn              g - ring of see invisible (curse)
MPRegen  0.13/turn              (no ring)

@: no status effects
A: no striking features
a: no special abilities


You were on level 3 of the Dungeon.
You were hungry.

You visited 1 branch of the dungeon, and saw 3 of its levels.

You collected 64 gold pieces.

Inventory:

Hand Weapons
 a - a +0 short sword (weapon)
Missiles
 e - 4 tomahawks of dispersal (quivered)
Armour
 b - a +0 leather armour (worn)
 m - a +0 robe
Jewellery
 g - a cursed ring of see invisible (left hand)
 l - a cursed +4 ring of protection {unknown}
Scrolls
 d - a scroll of blinking
 h - a scroll of enchant weapon {unknown}
 j - a scroll of identify {unknown}
 k - 2 scrolls of teleportation {unknown}
 n - a scroll of magic mapping {unknown}
Potions
 c - 3 potions of heal wounds
 i - a potion of invisibility {unknown}
 p - a potion of magic {unknown}
Comestibles
 f - 5 rations
 o - 2 chunks of flesh


   Skills:
 - Level 1.5 Fighting
 + Level 2.9 Short Blades
 - Level 1.0 Throwing
 - Level 0.7 Armour
 * Level 4.0 Dodging
 * Level 2.0 Stealth
 * Level 4.1 Spellcasting
 + Level 0.1 Charms
 * Level 3.6 Translocations


You had one spell level left.
You knew the following spells:

 Your Spells              Type           Power        Failure   Level  Hunger
a - Blink                 Tloc           N/A          7%          2    ##.....
b - Gell's Gravitas       Tloc           ###.......   14%         3    ###....
c - Teleport Other        Tloc           ###.....     14%         3    ###....
d - Shroud of Golubria    Chrm/Tloc      ##........   14%         2    ##.....

Your spell library contained the following spells:

 Spells                   Type           Power        Failure   Level  Hunger
 Lesser Beckoning         Tloc           ###.......   14%         3    ###....
 Passage of Golubria      Tloc           N/A          41%         4    ####...


Dungeon Overview and Level Annotations

Branches:
Dungeon (3/15)

Altars:
Uskayaw


Message History

Your shroud begins to fray at the edges.
The crimson imp blinks!
The crimson imp blinks!
The crimson imp barely misses you.
The crimson imp hits you but does no damage.
Your shroud unravels.
The crimson imp hits you.
* * * LOW HITPOINT WARNING * * *
The crimson imp hits you.
* * * LOW HITPOINT WARNING * * *
The crimson imp closely misses you. The crimson imp hits you.
* * * LOW HITPOINT WARNING * * *
Your magical contamination has completely faded away.
The crimson imp closely misses you. The crimson imp hits you.
* * * LOW HITPOINT WARNING * * *
The crimson imp barely misses you. The crimson imp hits you.
You die...

######## #......#
#....%.#
#....5@###############
#....................##
####
#......########........
...# #..†...#
#......... ...#
######## #.........
...# ###########
#......... ..<#
#.........# #.........
...#######.........#
#)........
.........).........#
#.........


You could see a crimson imp.

Vanquished Creatures
  An orc priest (D:3)
  3 adders (D:2)
  2 oozes (D:1)
  A worm (D:2)
  3 dart slugs
  2 leopard geckos (D:2)
  4 orcs (D:3)
  5 bats (D:2)
  3 giant cockroaches
  2 goblins
  4 hobgoblins
  7 jackals
  3 frilled lizards
  2 kobolds
  4 rats
46 creatures vanquished.

Notes
Turn   | Place    | Note
-------+----------+-------------------------------------------
     0 | D:1      | Menchi the Deep Elf Warper began the quest for the Orb.
     0 | D:1      | Reached XP level 1. HP: 12/12 MP: 6/6
   385 | D:1      | Reached skill level 1 in Stealth
   385 | D:1      | Reached XP level 2. HP: 11/16 MP: 8/8
   496 | D:1      | Learned a level 2 spell: Blink
  1030 | D:2      | Reached XP level 3. HP: 17/20 MP: 10/10
  1969 | D:2      | Reached XP level 4. HP: 22/25 MP: 11/11
  1974 | D:2      | Learned a level 3 spell: Gell's Gravitas
  2004 | D:2      | Learned a level 3 spell: Teleport Other
  2007 | D:2      | Learned a level 2 spell: Shroud of Golubria
  2131 | D:2      | Found a hide-covered altar of Uskayaw.
  2681 | D:3      | HP: 1/25 [crimson imp (1)]
  2683 | D:3      | Slain by a crimson imp

Skill      XL: |  1  2  3  4 |
---------------+-------------+-----
Stealth        | 1 2 |  2.0
Dodging        | 3 4 |  4.0
Spellcasting   | 4 |  4.1
Fighting       | |  1.5
Short Blades   | |  2.9
Throwing       | |  1.0
Armour         | |  0.7
Charms         | |  0.1
Translocations | |  3.6

Action                   |  1- 3 |  4- 6 || total
-------------------------+-------+-------++-------
Melee: Short sword       |   193 |   133 ||   326
Throw: Tomahawk          |     1 |       ||     1
 Cast: Blink             |     2 |       ||     2
       Shroud of Golubri |       |     8 ||     8
       Teleport Other    |       |     2 ||     2
       Gell's Gravitas   |       |     2 ||     2
  Use: Potion            |       |     3 ||     3
 Stab: Sleeping          |     3 |       ||     3
  Eat: Chunk             |     4 |     2 ||     6
Armor: Leather armour    |    57 |    28 ||    85
Dodge: Dodged            |   133 |    83 ||   216
